 Dungeon Crawl Stone Soup version 0.30-a0-930-gb9d0489357 (webtiles) character file.

Game seed: 768355641743277521

11542 mopl the Covert (level 11, -2/56 HPs)
             Began as a Vine Stalker Enchanter on Mar 23, 2023.
             Was a Priest of Kikubaaqudgha.
             Slain by a very large slime creature (50 damage)
             ... on level 10 of the Dungeon.
             The game lasted 00:20:07 (8070 turns).

mopl the Covert (Vine Stalker Enchanter)            Turns: 8070, Time: 00:20:08

Health: -2/56      AC:  5    Str:  4    XL:     11   Next: 79%
Magic:  0/22       EV: 12    Int: 33    God:    Kikubaaqudgha [***...]
Gold:   439        SH:  5    Dex: 17    Spells: 10/23 levels left

rFire   . . .      SeeInvis .    a - +2 dagger (speed)
rCold   . . .      Faith    .    (no shield)
rNeg    . . .      Spirit   +    w - +1 robe of Unambiguity {rElec Str-4 Dex+2}
rPois   +          Reflect  +    T - +0 helmet
rElec   +          Rampage  .    (no cloak)
rCorr   .                        (no gloves)
Will    ++...                    n - +0 pair of boots
Stlth   ++++                     h - amulet "Reit Tam" {Reflect rPois Str-3 Int+8 SH+5}
HPRegen 1.09/turn                I - +6 ring of intelligence
MPRegen 0.18/turn                K - ring of willpower

@: confusing by touch
A: fangs 3, regeneration 1, magic shield, antimagic bite, no potion heal 2
a: Renounce Religion, Unearth Wretches


You were on level 10 of the Dungeon.
You worshipped Kikubaaqudgha.
Kikubaaqudgha was most pleased with you.
You visited 2 branches of the dungeon, and saw 11 of its levels.
You also visited: Bailey.

You collected 439 gold pieces.

Inventory:

Hand Weapons
 a - a +2 dagger of speed (weapon)
Missiles
 x - a boomerang
 B - 70 poisoned darts
 H - 4 silver javelins
 N - 5 curare-tipped darts
Armour
 n - a +0 pair of boots (worn)
 w - the +1 robe of Unambiguity (worn) {rElec Str-4 Dex+2}
   (You found it on level 4 of the Dungeon)

   Str:       It affects your strength (-4).
   Dex:       It affects your dexterity (+2).
   rElec:     It insulates you from electricity.
 z - a +0 kite shield
 O - a +2 robe of willpower
 T - a +0 helmet (worn)
Magical Staves
 o - a staff of poison
Jewellery
 h - the amulet "Reit Tam" (around neck) {Reflect rPois Str-3 Int+8 SH+5}
   (You found it on level 7 of the Dungeon)

   [amulet of reflection]

   It reflects blocked missile attacks.
   Str:       It affects your strength (-3).
   Int:       It affects your intelligence (+8).
   rPois:     It protects you from poison.
   SH:        It affects your SH (+5).
 y - an amulet of regeneration
 D - a ring of flight
 F - a ring of resist corrosion
 I - a +6 ring of intelligence (left hand)
 K - a ring of willpower (right hand)
 M - an amulet of faith {!P}
Wands
 b - a wand of mindburst (13)
 g - a wand of iceblast (7)
 r - a wand of paralysis (6)
 v - a wand of acid (8)
Scrolls
 d - 5 scrolls of teleportation {unknown}
 j - 2 scrolls of noise {unknown}
 l - 4 scrolls of vulnerability {unknown}
 p - 2 scrolls of poison {unknown}
 q - a scroll of silence {unknown}
 s - 2 scrolls of fear {unknown}
 u - 5 scrolls of enchant armour {unknown}
 A - a scroll of summoning {unknown}
 C - a scroll of brand weapon {unknown}
 E - 2 scrolls of immolation {unknown}
 J - 2 scrolls of magic mapping {unknown}
 P - 2 scrolls of blinking {unknown}
 S - a scroll of fog {unknown}
Potions
 c - a potion of invisibility
 e - 5 potions of might
 f - 6 potions of brilliance
 i - 3 potions of lignification {!q}
 k - 4 potions of curing
 m - 4 potions of mutation {!q}
 t - 3 potions of heal wounds
 G - 3 potions of flight
 L - a potion of magic
 Q - a potion of resistance {unknown}
 R - a potion of haste {unknown}


   Skills:
 + Level 5.7 Fighting
 + Level 5.9 Short Blades
 - Level 1.5 Dodging
 + Level 9.2 Stealth
 + Level 4.8 Shields
 + Level 6.7 Spellcasting
 * Level 9.1 Hexes
 + Level 4.0 Necromancy
 - Level 5.0 Transmutations
 - Level 5.0 Earth Magic


You had 10 spell levels left.
You knew the following spells:

 Your Spells              Type           Power      Damage    Failure   Level
a - Dazzling Flash        Conj/Hex       82%        N/A       1%          3
b - Ensorcelled Hibernat  Hex/Ice        82%        N/A       1%          2
c - Confusing Touch       Hex            64%        N/A       1%          3
d - Tukima's Dance        Hex            64%        N/A       1%          3
p - Passwall              Tmut/Erth      36%        N/A       1%          2

Your spell library contained the following spells:

 Spells                   Type           Power      Damage    Failure   Level
 Necrotise                Necr           100%       1d9       1%          1
 Sandblast                Erth           88%        2d18      1%          1
 Sublimation of Blood     Necr           38%        N/A       1%          2
 Portal Projectile        Hex/Tloc       82%        N/A       1%          3
 Anguish                  Hex/Necr       26%        N/A       2%          4
 Leda's Liquefaction      Hex/Erth       27%        N/A       2%          4
 Cigotuvi's Dreadful Rot  Necr/Pois/Air  40%        N/A       3%          2
 Freeze                   Ice            44%        1d6       4%          1
 Magic Dart               Conj           44%        1d5       4%          1
 Stone Arrow              Conj/Erth      54%        3d10      4%          3
 Lesser Beckoning         Tloc           22%        N/A       6%          2
 Searing Ray              Conj           22%        2d5       6%          2
 Fulminant Prism          Conj/Hex       20%        3d12      6%          4
 Animate Dead             Necr           38%        N/A       8%          4
 Call Canine Familiar     Summ           11%        N/A       12%         3
 Frozen Ramparts          Ice            22%        1d4       12%         3
 Gell's Gravitas          Tloc           11%        N/A       12%         3
 Hailstorm                Conj/Ice       11%        3d5       12%         3
 Teleport Other           Tloc           11%        N/A       12%         3
 Lee's Rapid Deconstruct  Erth           22%        3d12*     14%         5
 Borgnjor's Vile Clutch   Necr/Erth      20%        N/A       17%         5
 Statue Form              Tmut/Erth      29%        N/A       61%         6
 Death Channel            Necr           19%        N/A       75%         6
 Simulacrum               Ice/Necr       12%        N/A       95%         6


Dungeon Overview and Level Annotations

Branches:
Dungeon (10/15)            Temple (1/1) D:7          Bailey (visited)
   Lair: D:8-11         Orc: D:9-12

Altars:
Ashenzari
Cheibriados
Dithmenos
Fedhas
Gozag
Kikubaaqudgha
Makhleb
Okawaru
Qazlal
Trog
Wu Jian
Xom
Yredelemnul
Zin
The Shining One

Shops:
D:8 (


Innate Abilities, Weirdness & Mutations

You have razor-sharp teeth.
Your natural rate of healing is unusually fast.
When hurt, damage is shared between your health and your magic reserves.
Your bite disrupts and absorbs the magic of your enemies.
Potions cannot restore your health.


Message History

The orc shouts!
The orc priest moves out of view.
An orc comes into view. It is wielding a +0 hand axe.
A slime creature comes into view.
A slime creature comes into view. x2
The orc wizard shouts!
The orc priest shouts!
The orc shouts!
The orc wizard shouts!
You hit the orc. You bite the orc, but do no damage.
The orc is severely wounded.
The orc hits you but does no damage.
You hit the orc.
You kill the orc!
Kikubaaqudgha accepts your kill.
A slime creature comes into view.
The slime creature resists with some effort.
The slime creature hits you.
The slime creature resists with some effort.
The slime creature completely misses you.
The slime creature resists with some effort.
The slime creature closely misses you.
Two slime creatures merge to form a large slime creature.
The large slime creature resists with some effort.
The large slime creature looks drowsy...
The orc priest invokes the aid of Beogh against you.
Beogh smites you!
The helpless large slime creature fails to defend itself.
You perforate the large slime creature like a sieve!!!
The large slime creature is heavily wounded.
Two slime creatures merge to form a very large slime creature.
You hit the very large slime creature. You bite the very large slime creature.
You drain its power.
You feel invigorated.
The very large slime creature is moderately wounded.
The very large slime creature is unaffected.
Casting: Ensorcelled Hibernation (safe; 1% risk of failure)
Confirm with . or Enter, or press ? or * to list all spells.
Your hands begin to glow red.
The very large slime creature hits you!!!
Ouch! That really hurt!
You die...
Kikubaaqudgha rasps: "You have failed me!
Welcome... death!"

#..## #.## #.# #.# #.# ##.# .
.#.############ .o.
..............############ooJJ.
##.##########...@Joo.o..oJo....
#.# ##############o.... ##.#
### #..# #'#### .....# .....#
.....# ...(.#


You could see a very large slime creature, an orc priest, an orc wizard and an
orc.

Vanquished Creatures
  A vault guard (Bailey)
  A two-headed ogre (D:10)
  A kobold demonologist (D:8)
  A hornet (D:9)
  Sigmund (D:2)
  A wyvern (D:9)
  A wraith (D:10)
  17 yaks
  5 humans (Bailey)
  2 water moccasins (D:7)
  2 sky beasts
  An ogre (D:4)
  2 orc warriors
  A centaur (D:6)
  3 phantoms
  13 kobold brigands (D:8)
  14 bullfrogs
  4 scorpions
  11 wights
  3 howler monkeys (D:7)
  3 jellies
  4 hounds
  3 orc priests (D:7)
  A gnoll bouda (D:9)
  2 iguanas
  2 orc wizards (D:7)
  2 sleepcaps (D:6)
  17 gnolls
  8 adders
  A shadow imp (D:8)
  2 white imps
  A worm (D:3)
  A dart slug (D:5)
  32 orcs
  7 ball pythons
  5 endoplasms
  3 giant cockroaches
  10 goblins
  8 hobgoblins
  8 jackals (D:1)
  23 kobolds
  4 quokkas
  5 bats
  5 frilled lizards
  5 rats
247 creatures vanquished.

Vanquished Creatures (collateral kills)
  A vault guard (Bailey)
  A two-headed ogre (D:10)
  Psyche (D:9)
  Prince Ribbit (Bailey)
  Blork the orc (D:4)
  A gnoll sergeant (D:6)
  2 wights (D:8)
8 creatures vanquished.

Vanquished Creatures (others)
  5 dancing weapons
5 creatures vanquished.

Grand Total: 260 creatures vanquished

Notes
Turn   | Place    | Note
-------+----------+-------------------------------------------
     0 | D:1      | mopl the Vine Stalker Enchanter began the quest for the
                  | Orb.
     0 | D:1      | Reached XP level 1. HP: 9/9 MP: 4/4
    35 | D:1      | Reached skill level 1 in Short Blades
   120 | D:1      | Reached XP level 2. HP: 14/14 MP: 4/6
   155 | D:1      | Learned a level 2 spell: Ensorcelled Hibernation
   244 | D:1      | Reached skill level 4 in Stealth
   256 | D:1      | Reached XP level 3. HP: 10/17 MP: 2/7
   274 | D:1      | Learned a level 3 spell: Tukima's Dance
   688 | D:2      | Reached skill level 1 in Fighting
   797 | D:2      | Gained mutation: Your natural rate of healing is unusually
                  | fast. [Vine Stalker growth]
   797 | D:2      | Reached XP level 4. HP: 17/22 MP: 6/9
  1074 | D:2      | Noticed Sigmund
  1084 | D:2      | Learned a level 3 spell: Confusing Touch
  1113 | D:2      | Killed Sigmund
  1114 | D:2      | Reached skill level 2 in Fighting
  1114 | D:2      | Reached skill level 2 in Short Blades
  1114 | D:2      | Reached skill level 3 in Spellcasting
  1114 | D:2      | Reached XP level 5. HP: 26/26 MP: 8/10
  1161 | D:2      | Reached XP level 6. HP: 30/30 MP: 11/11
  1303 | D:2      | Learned a level 3 spell: Dazzling Flash
  1322 | D:2      | Reached skill level 5 in Stealth
  1575 | D:3      | You fall into a shaft and drop 1 floor!
  1586 | D:4      | Noticed Blork the orc
  1598 | D:4      | Killed Blork the orc
  1599 | D:4      | Reached skill level 4 in Hexes
  1646 | D:4      | Identified the +1 robe of Unambiguity {rElec Str-4 Dex+2}
  1716 | D:4      | Found a burning altar of Makhleb.
  1765 | D:4      | Found a basalt altar of Yredelemnul.
  1871 | D:4      | Reached XP level 7. HP: 33/35 MP: 7/13
  1978 | D:4      | Reached skill level 3 in Short Blades
  2014 | D:3      | Reached skill level 4 in Spellcasting
  2177 | D:3      | Found a blossoming altar of Fedhas.
  2266 | D:3      | Found a faded altar of an unknown god.
  2493 | D:3      | Learned a level 2 spell: Passwall
  2896 | D:5      | Entered Level 5 of the Dungeon
  3030 | D:5      | Reached skill level 3 in Fighting
  3053 | D:5      | Reached skill level 6 in Stealth
  3063 | D:5      | Reached skill level 1 in Transmutations
  3132 | D:5      | Reached skill level 1 in Shields
  3132 | D:5      | Reached skill level 1 in Earth Magic
  3132 | D:5      | Gained mutation: You have razor-sharp teeth. [Vine Stalker
                  | growth]
  3132 | D:5      | Reached XP level 8. HP: 40/40 MP: 15/15
  3140 | D:5      | Reached skill level 5 in Hexes
  3454 | D:6      | Identified the +5 long sword of the Hierophant {heavy,
                  | *Noise rElec Dex+2}
  3495 | D:6      | Found an iron altar of Okawaru.
  4158 | D:6      | Reached skill level 2 in Transmutations
  4158 | D:6      | Reached skill level 2 in Earth Magic
  4201 | D:6      | Reached skill level 2 in Shields
  4331 | D:6      | Found a glowing silver altar of Zin.
  4437 | D:7      | Reached XP level 9. HP: 40/45 MP: 17/17
  4450 | D:7      | Reached skill level 6 in Hexes
  4456 | D:7      | Reached skill level 4 in Short Blades
  4657 | D:7      | Reached skill level 7 in Stealth
  4688 | D:7      | Reached skill level 5 in Spellcasting
  4690 | D:7      | Reached skill level 4 in Fighting
  4809 | D:7      | Identified the amulet "Reit Tam" {Reflect rPois Str-3 Int+8
                  | SH+5}
  4872 | D:7      | Found a staircase to the Ecumenical Temple.
  4907 | Temple   | Entered the Ecumenical Temple
  4912 | Temple   | Became a worshipper of Kikubaaqudgha
  4934 | D:7      | Reached skill level 3 in Earth Magic
  5012 | D:7      | Reached skill level 3 in Transmutations
  5399 | D:8      | Found a shadowy altar of Dithmenos.
  5577 | D:8      | Found Qocoim's Weapon Emporium.
  5658 | D:8      | Reached skill level 3 in Shields
  5658 | D:8      | Reached skill level 1 in Necromancy
  5684 | D:8      | Reached skill level 7 in Hexes
  5694 | D:8      | Reached XP level 10. HP: 34/51 MP: 9/19
  5700 | D:8      | Found a broken altar of Ashenzari.
  6093 | D:8      | Noticed a kobold demonologist
  6100 | D:8      | Reached * piety under Kikubaaqudgha
  6100 | D:8      | Received a gift from Kikubaaqudgha
  6130 | D:8      | Killed a kobold demonologist
  6131 | D:8      | Reached skill level 2 in Necromancy
  6307 | D:9      | Reached skill level 8 in Stealth
  6327 | D:9      | Reached skill level 5 in Short Blades
  6327 | D:9      | Reached skill level 4 in Earth Magic
  6404 | D:9      | Found a bloodstained altar of Trog.
  6406 | D:9      | Noticed Psyche
  6435 | D:9      | Killed Psyche
  6436 | D:9      | Reached skill level 4 in Transmutations
  6670 | D:9      | Found a shimmering altar of Xom.
  6718 | D:9      | Found a flagged portal.
  6739 | Bailey   | Entered a bailey
  6763 | Bailey   | Reached ** piety under Kikubaaqudgha
  6846 | Bailey   | Reached skill level 6 in Spellcasting
  6946 | Bailey   | Reached skill level 8 in Hexes
  6958 | Bailey   | Reached skill level 5 in Fighting
  6960 | Bailey   | Reached skill level 4 in Shields
  7031 | Bailey   | Noticed a vault guard
  7040 | Bailey   | Noticed Prince Ribbit
  7053 | Bailey   | Killed Prince Ribbit
  7054 | Bailey   | Reached skill level 3 in Necromancy
  7054 | Bailey   | Reached XP level 11. HP: 25/55 MP: 1/21
  7060 | Bailey   | Killed a vault guard
  7134 | Bailey   | Noticed a vault guard
  7147 | Bailey   | Killed a vault guard
  7448 | D:10     | Entered Level 10 of the Dungeon
  7530 | D:10     | Noticed a two-headed ogre
  7538 | D:10     | Killed a two-headed ogre
  7655 | D:10     | Noticed a two-headed ogre
  7672 | D:10     | Killed a two-headed ogre
  7688 | D:10     | Reached skill level 9 in Stealth
  7690 | D:10     | Reached skill level 5 in Transmutations
  7690 | D:10     | Reached skill level 5 in Earth Magic
  7734 | D:10     | Reached skill level 9 in Hexes
  7744 | D:10     | Reached *** piety under Kikubaaqudgha
  7744 | D:10     | Received a gift from Kikubaaqudgha
  7777 | D:10     | Reached skill level 4 in Necromancy
  8070 | D:10     | Slain by a very large slime creature

Illustrated notes

Levels and vault maps discovered:
D:1:      scummos_arrival_hexagon, layout_loops_ring
D:2:      layout_loops_corners, uniq_sigmund
D:3:      layout_loops_ring, mainiacjoe_overflow_tiny_flanked,
          dilly_ecumenical_altar_fadedgnrine
D:4:      layout_cave_pools, mainiacjoe_overflow_large_starburst,
          kennysheep_another_room, uniq_blork_the_orc
D:5:      layout_cave_pools, minmay_statues_item
D:6:      layout_cave_pods, nicolae_overflow_hidden_temple, grunt_ministairs_11,
          minmay_misc_feat_four_crosses, hellmonk_no_cap
D:7:      layout_basic, minmay_temple_entry_sparse_star
D:8:      layout_cave_pods, evilmike_ruin_ashenzari, lemuel_doored_altar,
          special_room [special_room_kobold], serial_shops, shop_statue
D:9:      layout_irregular_city, mainiacjoe_overflow_brackets,
          mainiacjoe_overflow_catwalk, enter_bailey_7, uniq_psyche
D:10:     layout_roguey
Temple:   nicolae_temple_bog_church

Skill      XL: |  1  2  3  4  5  6  7  8  9 10 11 |
---------------+----------------------------------+-----
Short Blades   | 1 2 3 4 5 |  5.9
Stealth        | 4 5 6 7 8 9 |  9.2
Fighting       | 1 2 3 4 5 |  5.7
Spellcasting   | 3 4 5 6 |  6.7
Hexes          | 4 5 7 8 9 |  9.1
Transmutations | 1 2 3 4 5 |  5.0
Shields        | 1 2 3 4 |  4.8
Earth Magic    | 1 2 3 4 5 |  5.0
Necromancy     | 1 3 4 |  4.0
Dodging        | |  1.5

Action                     |  1- 3 |  4- 6 |  7- 9 | 10-12 || total
---------------------------+-------+-------+-------+-------++-------
  Melee: Dagger            |   114 |    78 |   338 |   310 ||   840
         Bite              |    24 |    22 |   118 |    96 ||   260
         Punch             |     1 |     1 |     6 |     7 ||    15
   Cast: Ensorcelled Hiber |     3 |    11 |    38 |    78 ||   130
         Tukima's Dance    |       |     2 |    10 |    10 ||    22
         Confusing Touch   |       |     1 |     6 |     6 ||    13
         Passwall          |       |       |     5 |     2 ||     7
  Evoke: Wand              |       |       |       |     3 ||     3
    Use: Scroll            |       |       |     9 |     1 ||    10
         Potion            |       |       |       |     2 ||     2
   Stab: Sleeping          |     8 |    15 |    44 |    58 ||   125
         Distracted        |       |       |     1 |       ||     1
         Confused          |       |       |     8 |     6 ||    14
 Armour: Robe              |    17 |    14 |    18 |    25 ||    74
  Dodge: Dodged            |    70 |    32 |   107 |    61 ||   270
  Block: Other             |       |     1 |    50 |    43 ||    94
         Reflection        |       |       |     1 |     2 ||     3

Table legend: (Time is in decaauts)
 A = Elapsed time spent in this place.
 B = Non-inter-level travel time spent in this place.
 C = Inter-level travel time spent in this place.
 D = Time resting spent in this place.
 E = Time spent auto-exploring this place.
 F = Levels seen in this place.
 G = Mean time per level.
                   A        B        C        D        E       F      G
               +--------+--------+--------+--------+--------+-----+--------+
         Total |   7752 |   7409 |    343 |    262 |   4765 |  12 |  646.0 |
       Dungeon |   7327 |   6990 |    337 |     70 |   4765 |  10 |  732.7 |
        Temple |     10 |      5 |      5 |      0 |      0 |   1 |   10.0 |
        Bailey |    414 |    414 |      0 |    192 |      0 |   1 |  414.0 |
               +--------+--------+--------+--------+--------+-----+--------+

Top non-repeatable levels by time:
     D:8: 1036 daAuts
     D:6: 994 daAuts
     D:2: 887 daAuts
     D:7: 738 daAuts
     D:9: 713 daAuts
     D:3: 711 daAuts
     D:1: 651 daAuts
     D:4: 610 daAuts
    D:10: 578 daAuts
  Bailey: 414 daAuts
     D:5: 405 daAuts
  Temple: 10 daAuts
